 Dungeon Crawl Stone Soup version 0.31-a0-700-gf13585253f (webtiles) character file.

Game seed: 5046445075731432569

138 qw the Shooter (level 5, 0/32 HPs)
             Began as a Gargoyle Hunter on Sept 7, 2023.
             Slain by an orc
             ... wielding a +0 short sword
              (3 damage)
             ... on level 5 of the Dungeon.
             The game lasted 00:00:44 (1998 turns).

qw the Shooter (Gargoyle Hunter)                    Turns: 1998, Time: 00:00:45

Health: 0/32       AC: 11    Str: 14    XL:     5   Next: 21%
Magic:  0/5        EV: 11    Int: 10    God:
Gold:   109        SH:  0    Dex: 15    Spells: 4/4 levels left

rFire   . . .        Y - +2 shortbow
rCold   . . .        (shield currently unavailable)
rNeg    + . .        d - +0 ring mail
rPois   inf          i - +0 helmet
rElec   +            (no cloak)
rCorr   .            (no gloves)
SInv    +            (no boots)
Will    .....        a - amulet of guardian spirit
Stlth   +            c - ring of see invisible
HPRegen 0.25/turn    (no ring)
MPRegen 0.09/turn

%: guardian spirit
@: no status effects
A: sickness immunity, AC +4, negative energy resistance 1, electricity
resistance, torment resistance 1, petrification resistance, shaggy fur 1, sturdy
frame 1
a: no special abilities


You were on level 5 of the Dungeon.
You visited 2 branches of the dungeon, and saw 6 of its levels.

You collected 109 gold pieces.


Innate Abilities, Weirdness & Mutations

You are immune to sickness and miasma.
Your stone body is resilient. (AC +4)
You are immune to poison.
You resist negative energy. (rN+)
You are resistant to electric shocks. (rElec)
You are resistant to unholy torment.
You are immune to petrification.
You are covered in fur. (AC +1)
Your movements are slightly less encumbered by armour. (ER -2)


   Skills:
 - Level 3.0 Fighting
 + Level 5.9 Ranged Weapons
 - Level 1.0 Armour
 - Level 1.5 Dodging
 - Level 1.1 Stealth


You had 4 spell levels left.
You didn't know any spells.
Your spell library was empty.

Inventory:

Hand Weapons
 Y - a +2 shortbow (weapon)
Armour
 d - a +0 ring mail (worn)
 i - a +0 helmet (worn)
Jewellery
 a - an amulet of guardian spirit (around neck)
 c - a ring of see invisible (left hand)
Scrolls
 g - a scroll of identify
Potions
 b - 3 potions of resistance
 e - 2 potions of mutation
 f - a potion of might
 h - a potion of brilliance {unknown}
 j - a potion of heal wounds {unknown}
 k - a potion of lignification {unknown}

Dungeon Overview and Level Annotations

Branches:
Dungeon (6/15)             Temple (1/1) D:6

Altars:
Ashenzari
Cheibriados
Fedhas
Hepliaklqana
Kikubaaqudgha
Makhleb
Qazlal
Ru
Sif Muna
Trog
Uskayaw
Vehumet
Xom
Yredelemnul
Zin
The Shining One

Annotations:
D:2 1 runed translucent door, Crazy Yiuf


Message History

The arrow hits the orc but does no damage.
The orc is moderately wounded.
You shoot an arrow. The arrow hits the orc.
The orc is almost dead.
You shoot an arrow. The arrow hits the orc.
You kill the orc!
An orc comes into view. It is wielding a +0 short sword.
You shoot an arrow. The orc shouts!
The arrow hits the orc warrior!
The orc warrior is moderately wounded.
You hear a shout!
An orc comes into view. It is wielding a +0 dagger.
You shoot an arrow.
The arrow hits the orc warrior but does no damage.
The orc warrior is moderately wounded.
An orc comes into view. It is wielding a +0 hand axe.
The orc warrior hits you with a +1 war axe of electrocution!
You shoot an arrow.
The arrow closely misses the orc warrior.
The orc warrior hits you but does no damage.
You shoot an arrow.
The arrow closely misses the orc warrior.
The orc warrior hits you with a +1 war axe of electrocution!
You shoot an arrow.
The arrow hits the orc warrior but does no damage.
The orc warrior is moderately wounded.
The orc warrior hits you with a +1 war axe of electrocution!
You shoot an arrow. The arrow hits the orc warrior.
The orc warrior is heavily wounded.
The orc hits you with a +0 short sword. The orc warrior misses you.
You shoot an arrow.
The arrow hits the orc warrior but does no damage.
The orc warrior is heavily wounded.
The orc barely misses you.
The orc warrior hits you with a +1 war axe of electrocution.
You shoot an arrow. The arrow hits the orc warrior.
The orc warrior is severely wounded.
The orc hits you with a +0 short sword.
You die...

#.......# ...
#.......# #...
#..$....##...
#.......#...
#.........#
##........#####
...............
####@o######
#..>ooo)....
#.#.#.###..# ..
#.<... . ...
....### ###
###... ....
.#... .#.#..


You could see an orc warrior and 3 orcs.

Vanquished Creatures
  A hound (D:6)
  3 adders
  2 shadow imps
  A white imp (D:6)
  2 worms (D:2)
  2 dart slugs (D:2)
  An orc (D:5)
  7 ball pythons
  3 endoplasms
  5 goblins
  2 hobgoblins (D:3)
  2 jackals (D:3)
  4 kobolds
  5 quokkas
  3 bats
  2 frilled lizards
  4 rats
49 creatures vanquished.

Notes
Turn   | Place    | Note
-------+----------+-------------------------------------------
     0 | D:1      | qw the Gargoyle Hunter began the quest for the Orb.
     0 | D:1      | Reached XP level 1. HP: 12/12 MP: 1/1
     0 | D:1      | 0 ||| qw: Version: 0.3-a-76-g4403597
     0 | D:1      | 0 ||| qw: Game counter: 456
     0 | D:1      | 0 ||| qw: Melee chars always use a shield: true
     0 | D:1      | 0 ||| qw: God list: Okawaru
     0 | D:1      | 0 ||| qw: Allow faded altars: false
     0 | D:1      | 0 ||| qw: Do Orc after clearing Dungeon:15 true
     0 | D:1      | 0 ||| qw: Do second Lair branch before Depths: true
     0 | D:1      | 0 ||| qw: Lair rune preference: random
     0 | D:1      | 0 ||| qw: Goals: Normal
     0 | D:1      | 0 ||| PLANNING D:1-11
   163 | D:1      | Reached XP level 2. HP: 17/17 MP: 2/2
   803 | D:1      | 803 ||| UPGRADING to +0 ring mail.
   813 | D:1      | 813 ||| DROPPING +0 leather armour.
   814 | D:1      | 814 ||| UPGRADING to +0 helmet.
   819 | D:1      | 819 ||| READING scroll labelled HAESOT ZYIMEMP.
   820 | D:1      | 820 ||| READING scroll labelled FIROBO MUCSEO.
   821 | D:1      | 821 ||| DRINKING 2 sedimented orange potions.
   821 | D:1      | Gained mutation: Your movements are slightly less
                  | encumbered by armour. (ER -2) [potion of mutation]
   821 | D:1      | Gained mutation: You are covered in fur. (AC +1) [potion of
                  | mutation]
   822 | D:1      | 822 ||| DROPPING scroll of butterflies.
   833 | D:2      | Found a burning altar of Makhleb.
   836 | D:2      | 836 ||| STAIRDANCE
   847 | D:2      | 847 ||| STAIRDANCE
   885 | D:2      | Reached skill level 1 in Armour
   885 | D:2      | Reached XP level 3. HP: 21/21 MP: 3/3
  1015 | D:2      | Reached skill level 5 in Ranged Weapons
  1088 | D:2      | 1088 ||| FLEEEEING.
  1137 | D:2      | Reached XP level 4. HP: 27/27 MP: 4/4
  1263 | D:2      | Reached skill level 3 in Fighting
  1413 | D:2      | Found a runed translucent door.
  1414 | D:2      | Noticed Crazy Yiuf
  1566 | D:2      | 1566 ||| UPGRADING to amulet of guardian spirit.
  1571 | D:2      | 1571 ||| READING 2 scrolls labelled GAG UFOUSMUMUF.
  1572 | D:2      | 1572 ||| READING scroll of enchant weapon.
  1572 | D:2      | 1572 ||| ENCHANTING +1 shortbow.
  1573 | D:2      | 1573 ||| READING scroll labelled TOHIOL NA ITI.
  1574 | D:2      | 1574 ||| DRINKING 2 bubbling puce potions.
  1575 | D:2      | 1575 ||| DRINKING 2 fizzy grey potions.
  1576 | D:2      | 1576 ||| READING 2 scrolls of identify.
  1576 | D:2      | 1576 ||| IDENTIFYING puce potion
  1577 | D:2      | 1577 ||| DROPPING potion of attraction.
  1619 | D:3      | Found a faded altar of an unknown god.
  1896 | D:3      | You fall into a shaft and drop 3 floors!
  1909 | D:6      | Found a staircase to the Ecumenical Temple.
  1910 | D:6      | 1910 ||| PLANNING TEMPLE
  1910 | D:6      | 1910 ||| UPGRADING to ring of see invisible.
  1935 | D:6      | Reached XP level 5. HP: 28/32 MP: 3/5
  1957 | Temple   | Entered the Ecumenical Temple
  1958 | Temple   | 1958 ||| PLANNING D:1-11
  1966 | D:6      | 1966 ||| READING scroll labelled DENYSU XUNU.
  1983 | D:5      | Entered Level 5 of the Dungeon
  1986 | D:5      | Noticed an orc warrior
  1995 | D:5      | HP: 5/32 [orc warrior/+1 war axe of electrocution (6)]
  1997 | D:5      | HP: 2/32 [orc warrior/+1 war axe of electrocution (2)]
  1998 | D:5      | Slain by an orc

Levels and vault maps discovered:
D:1:      tarquinn_simple_flora_water_e, layout_basic, nrook_mini_vaults
D:2:      layout_basic, basic_altar, minmay_misc_feat_encased,
          uniq_crazy_yiuf_cottage
D:3:      layout_rooms, hellmonk_ecumenical_altar_lost_god, wad_floor_pattern_1,
          kennysheep_generic_room_7
D:5:      layout_basic, grunt_temple_overflow_open, guppyfry_early_orc_mine
D:6:      layout_cave_pools, minmay_temple_entry_wispy
Temple:   nicolae_temple_no_exploring_needed

Skill      XL: |  1  2  3  4 |
---------------+-------------+-----
Armour         | 1 |  1.0
Ranged Weapons | 5 |  5.9
Fighting       | 3 |  3.0
Dodging        | |  1.5
Stealth        | |  1.1

Action                     |  1- 3 |  4- 6 || total
---------------------------+-------+-------++-------
   Fire: Shortbow          |    87 |    74 ||   161
    Use: Scroll            |     2 |     5 ||     7
         Potion            |     1 |     2 ||     3
 Armour: Ring mail         |     8 |    27 ||    35
         Leather armour    |     1 |       ||     1
  Dodge: Dodged            |    10 |    17 ||    27

Table legend:
 A = Non-vault XP
 B = Vault XP
 C = Vault XP percentage of total XP
 D = Non-vault monster count
 E = Vault monster count
 F = Vault count percentage of total count
                 A         B        C        D         E       F
            +---------+---------+-------+---------+---------+-------
      Total |     198 |       0 |   0.0 |      49 |       0 |   0.0
            +---------+---------+-------+---------+---------+-------
        D:1 |      28 |       0 |   0.0 |      16 |       0 |   0.0
        D:2 |      62 |       0 |   0.0 |      17 |       0 |   0.0
        D:3 |      28 |       0 |   0.0 |      11 |       0 |   0.0
        D:5 |       3 |       0 |   0.0 |       1 |       0 |   0.0
        D:6 |      77 |       0 |   0.0 |       4 |       0 |   0.0
            +---------+---------+-------+---------+---------+-------
